 Dungeon Crawl Stone Soup version 0.17-a0-777-g32247ce (webtiles) character file.

261 Lokkij the Twirler (level 6, 0/35 HPs)
             Began as a Tengu Wanderer on Apr 25, 2015.
             Was an Initiate of Ashenzari.
             Succumbed to an orc priest's poison
             ... on level 4 of the Dungeon.
             The game lasted 00:08:55 (4975 turns).

Lokkij the Twirler (Tengu Wanderer)                 Turns: 4975, Time: 00:08:55

Health: 0/35       AC:  3    Str: 12    XL:     6   Next: 18%
Magic:  7/7        EV: 11    Int: 15    God:    Ashenzari [......]
Gold:   118        SH:  0    Dex: 13    Spells: 0 memorised, 5 levels left

rFire  . . .     SeeInvis +     a - +2 quarterstaff
rCold  . . .     Clarity  .     d - +0 robe
rNeg   . . .     SustAb   .     (no shield)
rPois  .         Gourm    .     (helmet restricted)
rElec  .         Spirit   .     m - +0 cloak (curse)
rCorr  .         Warding  .     (no gloves)
rMut   .         Stasis   .     (boots unavailable)
MR     .....                    (no amulet)
Stlth  ++........               (no ring)
                                t - ring of see invisible

@: lethally poisoned (0 -> -5), not resistant to hostile enchantments,
unstealthy
A: beak, talons 3, able to fly 1
a: Fly, Renounce Religion


You were on level 4 of the Dungeon.
You worshipped Ashenzari.
Ashenzari was noncommittal.
You were not hungry.

You visited 1 branch of the dungeon, and saw 4 of its levels.

You collected 118 gold pieces.

Inventory:

Hand weapons
 a - a +2 quarterstaff (weapon)
 e - a +0 dagger
Armour
 d - a +0 robe (worn)
 m - a cursed +0 cloak (worn)
Jewellery
 t - a ring of see invisible (left hand)
Magical devices
 l - a wand of slowing (10)
Scrolls
 g - a scroll of magic mapping {unknown}
 i - a scroll of enchant weapon {unknown}
 k - 4 scrolls of identify
 n - a scroll of enchant armour {unknown}
 o - a scroll of fog {unknown}
 p - a scroll of immolation {unknown}
 q - a scroll of blinking
 r - a scroll of amnesia {unknown}
 u - a scroll of random uselessness {unknown}
Comestibles
 f - 6 bread rations
 h - 2 slices of pizza
 j - a meat ration
 s - a beef jerky
 v - 4 fruits


   Skills:
 - Level 2.0 Fighting
 - Level 2.1 Short Blades
 + Level 6.8 Staves
 - Level 0.9 Dodging
 - Level 2.0 Stealth
   Level 2.0 Shields


You had 5 spell levels left.
You didn't know any spells.

Dungeon Overview and Level Annotations

Branches:
Dungeon (4/15)
 Temple: D:4-7

Altars:
Ashenzari
Elyvilon
Makhleb
Vehumet

Annotations:
D:3 Terence


Innate Abilities, Weirdness & Mutations

You have a beak for a mouth.
You have claws for feet.
You can fly.


Message History

The orc priest is severely wounded.
Your surroundings suddenly seem different.
You feel sick.
A worker ant comes into view.
The worker ant twitches its antennae in your direction.
Found a potion of curing, an inky potion and an uncursed long sword.
Found a radiant altar of Vehumet.
An adder and a goblin come into view.
You feel sick.
Found a stone staircase leading down.
You feel sick.
The goblin shouts!
The goblin zaps a wand.
The puff of frost hits you!
It is a wand of frost.
The goblin zaps a wand.
The puff of frost hits you!
* * * LOW HITPOINT WARNING * * *
A ball python comes into view.
Read which item? (? for menu, Esc to quit)
Okay, then.
You aren't carrying any potions.
You die...

#.##.......#
#.#....#...#
#.......)..#
#..#.#g_.#.##
#...........#.#
#..S...#.!....#
#..a.!..##.
#..####.#......
#.....@..>.##.
##.######.## .#
#


There were no monsters in sight!

Vanquished Creatures
  Sigmund (D:2)
  5 adders (D:3)
  A worm (D:2)
  2 giant geckos
  3 orcs (D:3)
  A ball python (D:3)
  7 bats
  7 giant cockroaches
  7 goblins
  4 hobgoblins
  7 kobolds
  2 quokkas
  A giant newt (D:3)
  4 rats
52 creatures vanquished.

Notes
Turn   | Place    | Note
--------------------------------------------------------------
     0 | D:1      | Lokkij, the Tengu Wanderer, began the quest for the Orb.
     0 | D:1      | Lokkij set off with: a +2 quarterstaff, a scroll of teleportation, a potion of curing, a +0 robe, a +0 dagger, a bread ration
     0 | D:1      | Reached XP level 1. HP: 12/12 MP: 2/2
   409 | D:1      | Reached XP level 2. HP: 17/17 MP: 3/3
   425 | D:1      | Reached skill level 3 in Staves
  1716 | D:2      | Noticed Sigmund
  1769 | D:2      | Killed Sigmund
  1769 | D:2      | Reached skill level 6 in Staves
  1769 | D:2      | Reached XP level 3. HP: 8/21 MP: 4/4
  1769 | D:2      | Reached XP level 4. HP: 9/26 MP: 5/5
  1769 | D:2      | Gained mutation: You can fly. [Tengu growth]
  1769 | D:2      | Reached XP level 5. HP: 10/30 MP: 6/6
  1998 | D:2      | Found a white marble altar of Elyvilon.
  3176 | D:3      | Found a shattered altar of Ashenzari.
  3185 | D:3      | Became a worshipper of Ashenzari the Shackled
  3225 | D:3      | Reached XP level 6. HP: 33/35 MP: 7/7
  3665 | D:3      | Noticed Terence
  4348 | D:3      | Found a burning altar of Makhleb.
  4971 | D:4      | Found a radiant altar of Vehumet.
  4974 | D:4      | HP: 1/35 [goblin/wand of frost (11)]
  4975 | D:4      | Succumbed to an orc priest's poison

Action                   |  1- 3 |  4- 6 || total
-------------------------+-------+-------++-------
Melee: Quarterstaff      |    42 |   110 ||   152
Evoke: Wand              |       |     5 ||     5
  Use: Potion            |     2 |     4 ||     6
       Scroll            |       |     4 ||     4
 Stab: Sleeping          |     1 |     6 ||     7
       Distracted        |       |     1 ||     1
  Eat: Chunk             |     1 |    11 ||    12
